 Dungeon Crawl Stone Soup version 0.31-a0-325-g067879e3d3 (webtiles) character file.

Game seed: 6699433809610898111

560 AIAndy the Changeling (level 7, -12/45 HPs)
             Began as an Octopode Shapeshifter on July 18, 2023.
             Mangled by Edmund
             ... wielding a +1 heavy dire flail
              (25 damage)
             ... on level 5 of the Dungeon.
             The game lasted 00:08:56 (3150 turns).

AIAndy the Changeling (Octopode Shapeshifter)       Turns: 3150, Time: 00:08:56

Health: -12/45     AC:  1    Str: 16    XL:     7   Next: 31%
Magic:  7/7        EV: 13    Int: 11    God:
Gold:   178        SH:  0    Dex: 16    Spells: 6/6 levels left

rFire   . . .        o - +7 falchion of Bumeziho {venom, rC+ Dex+4}
rCold   + . .        (no shield)
rNeg    . . .        (helmet currently unavailable)
rPois   .            (no amulet)
rElec   .            L - ring of flight
rCorr   .            (no ring)
SInv    .            (no ring)
Will    .....        (no ring)
Stlth   ++           (no ring)
HPRegen 0.27/turn    (no ring)
MPRegen 0.10/turn    (no ring)
                     (no ring)

%: no passive effects
@: beast-form, flying
A: beast (slay +4), almost no armour, amphibious, 8 rings, camouflage 1,
gelatinous body 1, (nimble swimmer 1), tentacles
a: Begin Untransformation


You were on level 5 of the Dungeon.
You were a hulking beast.
You visited 1 branch of the dungeon, and saw 5 of its levels.
You also visited: Sewer.

You collected 178 gold pieces.


Innate Abilities, Weirdness & Mutations

You are a hulking beast.
Your limbs bulge with bestial killing power. (Slay +4)
You cannot wear most types of armour.
You are amphibious.
You can wear up to eight rings at the same time.
Your skin changes colour to match your surroundings (Stealth+).
Your rubbery body absorbs attacks. (AC +1, EV +1)
((You are camouflaged when in or above water. (Stealth+)))
You have tentacles for arms and can constrict up to eight enemies at once.


   Skills:
 - Level 2.0 Fighting
 - Level 3.0 Long Blades
 - Level 2.0 Dodging
 - Level 3.8 Unarmed Combat
 + Level 5.8 Shapeshifting


You had 6 spell levels left.
You didn't know any spells.
Your spell library contained the following spells:

 Spells                   Type           Power      Damage    Failure   Level
 Shock                    Conj/Air       0%         1d3       34%         1
 Summon Small Mammal      Summ           0%         N/A       34%         1
 Call Canine Familiar     Summ           0%         N/A       71%         3
 Summon Guardian Golem    Hex/Summ       0%         N/A       71%         3
 Swiftness                Air            0%         N/A       71%         3
 Airstrike                Air            0%         2d(0-16)  98%         4
 Fireball                 Conj/Fire      0%         3d3       100%        5
 Iskenderun's Battlesphe  Conj           0%         2d6       100%        5
 Conjure Ball Lightning   Conj/Air       0%         3x3d6     100%        6
 Orb of Destruction       Conj           0%         9d5       100%        7

Inventory:

Hand Weapons
 o - the +7 falchion of Bumeziho (weapon) {venom, rC+ Dex+4}
   (You found it on level 3 of the Dungeon)

   Dex:       It affects your dexterity (+4).
   rC:        It protects you from cold.
Missiles
 c - 4 silver javelins
 l - 3 poisoned darts
Jewellery
 L - a ring of flight (left tentacle)
Talismans
 b - a beast talisman
Wands
 h - a wand of polymorph (7)
 i - a wand of flame (18)
Scrolls
 a - a scroll of enchant weapon {unknown}
 d - a scroll of teleportation {unknown}
 g - 3 scrolls of fog {unknown}
 m - a scroll of vulnerability {unknown}
 n - 2 scrolls of fear {unknown}
 r - a scroll of butterflies {unknown}
Potions
 e - 3 potions of heal wounds {@q2}
 f - 2 potions of magic
 j - a potion of ambrosia
 k - 4 potions of mutation {!q}
 p - a potion of attraction {!q}
 q - 2 potions of brilliance
 s - a potion of curing {@q1}

Dungeon Overview and Level Annotations

Branches:
Dungeon (5/15)             Temple (0/1) D:5           Sewer (visited)

Altars:

Annotations:
D:5 Edmund

░░░░+ .##.░.... >..░....
#..+...> #..░.... #..░ ...
#..░░░░@░░░ #...#...h.#
#######).......#
#........#<..###
#........###....# #........#
#.##.### #........###.# ..#
#............####.######
#........###...........#
#.........##.####..###.#####..


You could see Edmund (extremely poisoned).


Message History

HP restored.
As you open the door, it creaks loudly!
Edmund the Younger comes into view.
He is wielding a +1 heavy dire flail and wearing a +1 chain mail of cold resistance.
Edmund shouts!
Found a staircase to the Ecumenical Temple.
Aiming: Throw Flame
Press: ? - help, Shift-Dir - straight line, f - Edmund
Aim: Edmund, wielding a +1 heavy dire flail and wearing a +1 chain mail of cold resistance (77% to hit)
The puff of flame hits Edmund but does no damage.
Aiming: Throw Flame
Press: ? - help, Shift-Dir - straight line, f/p - Edmund
Aim: Edmund, wielding a +1 heavy dire flail and wearing a +1 chain mail of cold resistance (77% to hit)
The puff of flame hits Edmund.
Edmund is lightly wounded.
You hit Edmund but do no damage.
Edmund is poisoned.
Your grab misses Edmund.
Edmund is lightly wounded.
Edmund hits you with a +1 heavy dire flail!!
You hit Edmund but do no damage.
Edmund looks as sick as possible!
You grab Edmund. You squeeze Edmund!
Edmund is moderately wounded.
You constrict Edmund, but do no damage.
Edmund hits you with a +1 heavy dire flail!
* * * LOW HITPOINT WARNING * * *
You hit Edmund.
Edmund looks as sick as possible!
Edmund is heavily wounded.
You constrict Edmund, but do no damage.
Edmund gestures with his flail.
Edmund hits you with a +1 heavy dire flail!!
Ouch! That really hurt!
You die...

Skill      XL: |  1  2  3  4  5  6 |
---------------+-------------------+-----
Unarmed Combat | 3 |  3.8
Shapeshifting  | 4 5 |  5.8
Long Blades    | 2 3 |  3.0
Fighting       | |  2.0
Dodging        | |  2.0

Action                     |  1- 3 |  4- 6 |  7- 9 || total
---------------------------+-------+-------+-------++-------
  Melee: Unarmed           |    60 |    38 |    18 ||   116
         Constrict         |    15 |    12 |     9 ||    36
         Tentacles         |     7 |    10 |     7 ||    24
         Punch             |     1 |     2 |     1 ||     4
         Falchion          |       |    27 |    18 ||    45
  Evoke: Wand              |       |       |     2 ||     2
    Use: Potion            |       |     1 |       ||     1
         Scroll            |       |       |     7 ||     7
   Stab: Sleeping          |     9 |    11 |     1 ||    21
 Armour: Skin              |     3 |    69 |    16 ||    88
  Dodge: Dodged            |    19 |    26 |    36 ||    81

Levels and vault maps discovered:
D:1:      lemuel_arrival_hallway, layout_loops_ring, nicolae_wormholes
D:2:      layout_rooms
D:3:      layout_loops_ring
D:4:      layout_cave_pods, uniq_grinder
D:5:      layout_rooms, nicolae_vehumet_altar_sigil, temple_green,
          portal_sewer_entry_a, uniq_menkaure, uniq_ijyb, uniq_edmund

Notes
Turn   | Place    | Note
-------+----------+-------------------------------------------
     0 | D:1      | AIAndy the Octopode Shapeshifter began the quest for the
                  | Orb.
     0 | D:1      | Reached XP level 1. HP: 14/14 MP: 1/1
   110 | D:1      | Reached XP level 2. HP: 19/19 MP: 2/2
   380 | D:1      | Reached XP level 3. HP: 11/24 MP: 3/3
   823 | D:1      | Reached skill level 3 in Unarmed Combat
  1083 | D:2      | Reached XP level 4. HP: 28/29 MP: 4/4
  1169 | D:2      | Identified a scarf of resistance
  1681 | D:3      | You fall into a shaft and drop 1 floor!
  1706 | D:4      | Reached skill level 4 in Shapeshifting
  1723 | D:4      | Noticed a scorpion
  1878 | D:3      | Reached XP level 5. HP: 26/34 MP: 5/5
  1963 | D:3      | Identified the +7 falchion of Bumeziho {venom, rC+ Dex+4}
  2386 | D:4      | Noticed Grinder
  2390 | D:4      | Killed Grinder
  2391 | D:4      | Reached skill level 2 in Long Blades
  2391 | D:4      | Reached XP level 6. HP: 39/39 MP: 6/6
  2856 | D:5      | Entered Level 5 of the Dungeon
  2871 | D:5      | Reached skill level 3 in Long Blades
  2871 | D:5      | Reached skill level 5 in Shapeshifting
  2881 | D:5      | Reached XP level 7. HP: 41/45 MP: 7/7
  2964 | D:5      | Found a glowing drain.
  3000 | Sewer    | Entered a sewer
  3107 | D:5      | Noticed Ijyb
  3127 | D:5      | Killed Ijyb
  3145 | D:5      | Found a staircase to the Ecumenical Temple.
  3145 | D:5      | Noticed Edmund
  3150 | D:5      | Mangled by Edmund

Vanquished Creatures
  Grinder (D:4)
  A scorpion (D:4)
  A hound (D:5)
  A jelly (D:5)
  An orc wizard (D:5)
  Ijyb (D:5)
  A hell rat (Sewer)
  A gnoll (D:1)
  7 adders
  A river rat (D:5)
  A shadow imp (D:5)
  2 white imps (D:5)
  An ufetubus (D:5)
  A worm (D:1)
  A dart slug (D:1)
  6 orcs
  7 endoplasms
  3 giant cockroaches
  5 goblins
  8 hobgoblins
  2 quokkas
  8 ball pythons
  5 bats
  3 frilled lizards
  8 kobolds
  12 rats
89 creatures vanquished.

Table legend: (Time is in decaauts)
 A = Elapsed time spent in this place.
 B = Non-inter-level travel time spent in this place.
 C = Inter-level travel time spent in this place.
 D = Time resting spent in this place.
 E = Time spent auto-exploring this place.
 F = Levels seen in this place.
 G = Mean time per level.
                   A        B        C        D        E       F      G
               +--------+--------+--------+--------+--------+-----+--------+
         Total |   3148 |   3068 |     80 |     45 |   2305 |   6 |  524.7 |
       Dungeon |   3059 |   2979 |     80 |     45 |   2247 |   5 |  611.8 |
         Sewer |     88 |     88 |      0 |      0 |     58 |   1 |   88.0 |
               +--------+--------+--------+--------+--------+-----+--------+

Top non-repeatable levels by time:
     D:3: 859 daAuts
     D:1: 855 daAuts
     D:4: 723 daAuts
     D:2: 414 daAuts
     D:5: 208 daAuts
   Sewer: 88 daAuts

Table legend:
 A = Non-vault XP
 B = Vault XP
 C = Vault XP percentage of total XP
 D = Non-vault monster count
 E = Vault monster count
 F = Vault count percentage of total count
                 A         B        C        D         E       F
            +---------+---------+-------+---------+---------+-------
      Total |     437 |     363 |  45.4 |      75 |      14 |  15.7
            +---------+---------+-------+---------+---------+-------
        D:1 |      51 |       5 |   8.9 |      23 |       1 |   4.2
        D:2 |      38 |       0 |   0.0 |      16 |       0 |   0.0
        D:3 |      81 |       0 |   0.0 |      19 |       0 |   0.0
        D:4 |      94 |     254 |  73.0 |       6 |       1 |  14.3
        D:5 |     173 |      66 |  27.6 |      11 |       6 |  35.3
      Sewer |       0 |      38 | 100.0 |       0 |       6 | 100.0
            +---------+---------+-------+---------+---------+-------
